 Dungeon Crawl Stone Soup version 0.29.1-12-g30fa7ad0bf (webtiles) character file.

Game seed: 16615108604093957627

15759 javelincjr the Eclecticist (level 12, -9/54 HPs)
             Began as a Spriggan Conjurer on Dec 13, 2022.
             Was a High Priest of Sif Muna.
             Mangled by a boulder beetle (25 damage)
             ... on level 12 of the Dungeon.
             The game lasted 02:00:40 (14053 turns).

javelincjr the Eclecticist (Spriggan Conjurer)     Turns: 14053, Time: 02:00:40

Health: -9/54      AC:  6    Str:  5    XL:     12   Next: 4%
Magic:  26/33      EV: 23    Int: 22    God:    Sif Muna [*****.]
Gold:   1339       SH:  0    Dex: 20    Spells: 17/44 levels left

rFire   . . .      SeeInvis +   d - staff of conjuration
rCold   . . .      Faith    .   (shield currently unavailable)
rNeg    . . .      Spirit   .   w - +1 steam dragon scales
rPois   .          Reflect  .   (helmet restricted)
rElec   .          Harm     .   (no cloak)
rCorr   .          Rampage  .   (gloves unavailable)
Will    ++...                   (boots unavailable)
Stlth   ++++......              j - amulet of magic regeneration
HPRegen 0.18/turn               x - ring of wizardry
MPRegen 0.63/turn               A - +6 ring of dexterity

@: very quick
A: very small, no large weapons, unfitting armour, see invisible, speed 3
a: Renounce Religion, Channel Magic, Forget Spell, Divine Exegesis


You were on level 12 of the Dungeon.
You worshipped Sif Muna.
Sif Muna was extremely pleased with you.
You visited 2 branches of the dungeon, and saw 13 of its levels.

You collected 1339 gold pieces.

Inventory:

Hand Weapons
 h - a +2 dagger of speed
 D - a +1 shortbow of freezing
Missiles
 g - 14 boomerangs
 u - 21 poisoned darts
 y - 2 throwing nets
Armour
 a - a +1 robe
 w - +1 steam dragon scales (worn)
 J - a +2 buckler
Magical Staves
 d - a staff of conjuration (weapon)
Jewellery
 j - an amulet of magic regeneration (around neck)
 r - a ring of protection from cold
 x - a ring of wizardry (left hand)
 A - a +6 ring of dexterity (right hand)
 C - a ring of protection from fire
 F - a +4 ring of evasion
 K - a ring of ice
Wands
 m - a wand of polymorph (19)
 v - a wand of digging (6)
 z - a wand of light (3)
 I - a wand of flame (12)
 O - a wand of mindburst (6)
Scrolls
 f - 4 scrolls of teleportation
 i - a scroll of blinking
 n - 2 scrolls of magic mapping
 t - 2 scrolls of noise
 B - 2 scrolls of amnesia {unknown}
 E - a scroll of vulnerability {unknown}
 H - 3 scrolls of identify
 L - a scroll of poison {unknown}
 M - a scroll of silence {unknown}
 P - a scroll of brand weapon
Potions
 b - 2 potions of magic
 c - 2 potions of might
 e - a potion of cancellation
 k - 7 potions of heal wounds
 l - a potion of attraction {unknown}
 o - 6 potions of curing
 p - 2 potions of brilliance {unknown}
 q - 3 potions of mutation {unknown}
 s - 2 potions of lignification {unknown}
Miscellaneous
 G - a piece from Xom's chessboard (15/15)
 N - a tin of tremorstones (2/2)


   Skills:
 + Level 1.7 Fighting
 + Level 2.3 Short Blades
 + Level 1.3 Staves
 + Level 7.8 Dodging
 + Level 6.8 Stealth
 * Level 16.7 Spellcasting
 + Level 7.5 Conjurations
 + Level 4.9 Hexes
 + Level 3.4 Translocations
 + Level 4.0 Earth Magic


You had 17 spell levels left.
You knew the following spells:

 Your Spells              Type           Power      Damage    Failure   Level
a - Magic Dart            Conj           100%       1d8       1%          1
b - Searing Ray           Conj           100%       2d8       1%          2
c - Passwall              Tmut/Erth      22%        N/A       1%          2
d - Stone Arrow           Conj/Erth      100%       3d13      1%          3
e - Fulminant Prism       Conj/Hex       31%        3d16      1%          4
f - Iskenderun's Mystic   Conj/Tloc      59%        2d12      1%          4
g - Flame Wave            Conj/Fire      51%        2d13      2%          4
h - Conjure Flame         Conj/Fire      51%        6-21      1%          3
i - Sticky Flame          Conj/Fire      51%        2d7       2%          4

Your spell library contained the following spells:

 Spells                   Type           Power      Damage    Failure   Level
 Sandblast                Erth           72%        2d16      1%          1
 Shock                    Conj/Air       100%       1d9       1%          1
 Ensorcelled Hibernation  Hex/Ice        58%        N/A       1%          2
 Scorch                   Fire           36%        2d6       1%          2
 Static Discharge         Conj/Air       51%        3-10/arc  1%          2
 Sublimation of Blood     Necr           18%        N/A       1%          2
 Wereblood                Tmut           18%        N/A       1%          2
 Dazzling Flash           Conj/Hex       100%       N/A       1%          3
 Spider Form              Tmut/Pois      18%        N/A       3%          3
 Swiftness                Air            18%        N/A       3%          3
 Anguish                  Hex/Necr       14%        N/A       4%          4
 Airstrike                Air            9%         2d(2-18)  12%         4
 Dispel Undead            Necr           18%        3d11      12%         4
 Summon Mana Viper        Hex/Summ       29%        N/A       12%         5
 Summon Forest            Summ/Tloc      13%        N/A       16%         5
 Agony                    Necr           18%        N/A       32%         5
 Conjure Ball Lightning   Conj/Air       25%        3x3d7     36%         6
 Starburst                Conj/Fire      25%        6d8       36%         6
 Orb of Destruction       Conj           33%        9d10      41%         7
 Simulacrum               Ice/Necr       9%         N/A       86%         6
 Summon Cactus Giant      Summ           9%         N/A       86%         6
 Summon Hydra             Summ           9%         N/A       100%        7


Dungeon Overview and Level Annotations

Branches:
Dungeon (12/15)            Temple (1/1) D:4            Lair (0/5) D:11
    Orc: D:9-12

Altars:
Ashenzari
Cheibriados
Dithmenos
Elyvilon
Fedhas
Gozag
Hepliaklqana
Kikubaaqudgha
Makhleb
Nemelex Xobeh
Okawaru
Qazlal
Ru
Sif Muna
Trog
Uskayaw
Vehumet
Wu Jian
Xom
Yredelemnul
Zin
The Shining One

Shops:
D:6 :


Innate Abilities, Weirdness & Mutations

You are very small and have problems with some larger weapons.
You are too small for most types of armour.
You have supernaturally acute eyesight. (SInv)
You cover ground extremely quickly. (Speed+++)


Message History

The flame wave engulfs the vampire mosquito!
You destroy the vampire mosquito!
Sif Muna accepts your kill.
The flame wave engulfs the vampire mosquito!!
You destroy the vampire mosquito!
Sif Muna accepts your kill.
The flame wave engulfs the vampire!
The vampire is moderately damaged.
You hear a roar!
A wave of flame ripples out!
The flame wave engulfs the vampire.
The vampire is heavily damaged.
You finish channelling waves of flame.
You hear a shout! x2
The vampire hits you but does no damage.
The vampire misses you.
An orc priest comes into view. It is wielding a +0 club.
A vampire mosquito comes into view.
Casting: Flame Wave (dangerous; 2% risk of failure)
Confirm with . or Enter, or press ? or * to list all spells.
Casting: Flame Wave (dangerous; 2% risk of failure)
Press: ? - help, Dir - look around, f - activate You feel a surge of power!
A wave of flame ripples out!
The flame wave engulfs the vampire!
The vampire is severely damaged. (Press . to intensify the flame waves.)
The vampire mosquito buzzes angrily.
The vampire barely misses you. The vampire closely misses you.
A wave of flame ripples out!
The flame wave engulfs the vampire!
You destroy the vampire!
Sif Muna accepts your kill.
The flame wave engulfs the boulder beetle but does no damage.
The flame wave engulfs the orc priest!!
You kill the orc priest!
Sif Muna accepts your kill. The boulder beetle hits you!!
Ouch! That really hurt!
* * * LOW HITPOINT WARNING * * *
The boulder beetle stops rolling and uncurls.
The boulder beetle bites you!!
You die...

...###........
....#........
............
...........## .
............#..
.....y.........
.....(†........
#......@)..)o).
........B[.)...
.......)...(...
............#..
...........## .
............
....#........
...###........


You could see a boulder beetle, a vampire mosquito and an orc priest.

Vanquished Creatures
  2 two-headed ogres (D:11)
  Erolcha (D:9)
  Erica (D:9)
  Lodul (D:11)
  2 manticores (D:11)
  Joseph (D:9)
  A gargoyle (D:7)
  2 unseen horrors
  A troll (D:11)
  A queen bee (D:9)
  6 wyverns
  A water elemental (D:11)
  2 shadows
  9 yaks
  A vampire (D:12)
  3 steam dragons
  Grum (D:9)
  2 vampire mosquitoes (D:12)
  5 water moccasins
  4 orc warriors
  4 ice beasts
  3 black bears
  15 ogres
  4 wolves
  6 centaurs
  3 phantoms
  3 kobold brigands
  A bullfrog (D:8)
  2 scorpions (D:6)
  6 gnoll sergeants
  A wight (D:10)
  16 killer bees
  A howler monkey (D:11)
  7 electric eels (D:11)
  A jelly (D:6)
  5 orc priests
  14 hounds
  3 iguanas
  Ijyb (D:3)
  Natasha (thrice) (D:3)
  9 orc wizards
  A mummy (D:6)
  27 gnolls
  6 adders
  A white imp (D:7)
  An ufetubus (D:6)
  4 worms
  2 dart slugs
  26 orcs
  7 endoplasms
  3 giant cockroaches
  8 hobgoblins
  12 jackals (D:2)
  20 kobolds
  5 quokkas
  6 ball pythons
  8 bats
  2 frilled lizards (D:3)
  6 goblins
  6 rats
  4 fulminant prisms
310 creatures vanquished.

Vanquished Creatures (others)
  A wizard (D:7)
  101 fulminant prisms
  2 fungi (D:11)
  89 plants
193 creatures vanquished.

Grand Total: 503 creatures vanquished

Notes
Turn   | Place    | Note
-------+----------+-------------------------------------------
     0 | D:1      | javelincjr the Spriggan Conjurer began the quest for the
                  | Orb.
     0 | D:1      | Reached XP level 1. HP: 9/9 MP: 5/5
   332 | D:1      | Reached XP level 2. HP: 1/13 MP: 3/6
  1136 | D:2      | Reached skill level 3 in Spellcasting
  1350 | D:2      | Learned a level 2 spell: Searing Ray
  1361 | D:2      | Reached XP level 3. HP: 16/16 MP: 5/8
  2246 | D:3      | Noticed Ijyb
  2288 | D:3      | Killed Ijyb
  2289 | D:3      | Reached skill level 1 in Short Blades
  2289 | D:3      | Reached XP level 4. HP: 9/21 MP: 0/10
  2467 | D:3      | Found an ornate altar of the Wu Jian Council.
  2467 | D:3      | Found a sacrificial altar of Ru.
  2666 | D:3      | Reached skill level 4 in Spellcasting
  2909 | D:3      | Noticed Natasha
  2913 | D:3      | Killed Natasha
  2914 | D:3      | Reached XP level 5. HP: 24/24 MP: 8/12
  3114 | D:3      | Noticed Natasha
  3122 | D:3      | Killed Natasha
  3233 | D:3      | Noticed Natasha
  3245 | D:3      | Killed Natasha
  3319 | D:3      | Identified a scroll of acquirement
  3319 | D:3      | Acquired a staff of conjuration
  3344 | D:3      | Reached skill level 5 in Spellcasting
  4130 | D:4      | Noticed a phantom
  4134 | D:4      | Found a staircase to the Ecumenical Temple.
  4143 | Temple   | Entered the Ecumenical Temple
  4379 | Temple   | Became a worshipper of Sif Muna the Loreminder
  4443 | D:4      | Killed a phantom
  4444 | D:4      | Reached XP level 6. HP: 28/28 MP: 5/15
  4704 | D:4      | Reached skill level 6 in Spellcasting
  4704 | D:4      | Reached XP level 7. HP: 27/32 MP: 4/17
  4818 | D:4      | Found a shimmering altar of Xom.
  4897 | D:4      | Reached skill level 5 in Stealth
  5166 | D:5      | Entered Level 5 of the Dungeon
  5255 | D:5      | Reached skill level 5 in Dodging
  5257 | D:5      | Reached * piety under Sif Muna
  5271 | D:5      | Reached skill level 1 in Fighting
  5341 | D:5      | Learned a level 2 spell: Passwall
  5394 | D:5      | Found an iron altar of Okawaru.
  5611 | D:5      | Reached skill level 7 in Spellcasting
  5755 | D:5      | You fall into a shaft and drop 2 floors!
  5849 | D:6      | Noticed a steam dragon
  5953 | D:5      | Reached XP level 8. HP: 33/37 MP: 12/19
  6441 | D:6      | Reached skill level 8 in Spellcasting
  6606 | D:6      | Learned a level 3 spell: Stone Arrow
  6626 | D:6      | Reached skill level 1 in Staves
  6742 | D:6      | Reached skill level 9 in Spellcasting
  7044 | D:6      | Found a white marble altar of Elyvilon.
  7051 | D:6      | Found Jonec's Book Shoppe.
  7139 | D:6      | Reached skill level 5 in Conjurations
  7187 | D:6      | Reached XP level 9. HP: 28/42 MP: 12/23
  7317 | D:6      | Reached skill level 1 in Earth Magic
  7493 | D:6      | Found a snail-covered altar of Cheibriados.
  7618 | D:6      | Reached ** piety under Sif Muna
  7791 | D:7      | Reached skill level 10 in Spellcasting
  7797 | D:7      | Found a stormy altar of Qazlal.
  7884 | D:7      | Found a broken altar of Ashenzari.
  8075 | D:7      | Learned a level 4 spell: Fulminant Prism
  8126 | D:7      | Reached skill level 11 in Spellcasting
  8127 | D:7      | Noticed a gargoyle
  8458 | D:7      | Killed a gargoyle
  8550 | D:7      | Found a bloodstained altar of Trog.
  8553 | D:7      | Noticed a wizard
  8559 | D:7      | Killed a wizard
  8926 | D:8      | Reached skill level 1 in Hexes
  9074 | D:8      | Found a glowing silver altar of Zin.
  9350 | D:8      | Found a hazy altar of Hepliaklqana.
  9824 | D:9      | Noticed Joseph
  9850 | D:9      | Reached skill level 12 in Spellcasting
  9850 | D:9      | Reached XP level 10. HP: 42/46 MP: 12/27
  9852 | D:9      | Noticed Erolcha
  9852 | D:9      | Noticed Erica
  9981 | D:9      | Reached *** piety under Sif Muna
 10049 | D:8      | Learned a level 4 spell: Iskenderun's Mystic Blast
 10218 | D:9      | Killed Erolcha
 10269 | D:9      | Noticed Grum
 10274 | D:9      | Killed Grum
 10275 | D:9      | Reached skill level 13 in Spellcasting
 10302 | D:9      | Reached skill level 1 in Translocations
 10521 | D:9      | Killed Joseph
 10756 | D:9      | Killed Erica
 10757 | D:9      | Reached skill level 14 in Spellcasting
 10963 | D:9      | Reached XP level 11. HP: 50/50 MP: 26/30
 11070 | D:9      | Reached **** piety under Sif Muna
 11627 | D:10     | Entered Level 10 of the Dungeon
 11825 | D:10     | Learned a level 4 spell: Flame Wave
 12176 | D:10     | Reached skill level 15 in Spellcasting
 12383 | D:11     | Noticed a two-headed ogre
 12390 | D:11     | Killed a two-headed ogre
 12715 | D:11     | Reached ***** piety under Sif Muna
 12801 | D:11     | Found a staircase to the Lair.
 13020 | D:11     | Noticed Lodul
 13036 | D:11     | Killed Lodul
 13036 | D:11     | Received a gift from Sif Muna
 13037 | D:11     | Reached skill level 16 in Spellcasting
 13037 | D:11     | Got Sif Muna's Folio of the Mortuary Salvo {god gift}
 13081 | D:11     | Noticed a two-headed ogre
 13094 | D:11     | Killed a two-headed ogre
 13199 | D:11     | Identified the +0 scale mail of Ulimog {rPois}
 13225 | D:11     | Learned a level 3 spell: Conjure Flame
 13230 | D:11     | Learned a level 4 spell: Sticky Flame
 14012 | D:12     | Reached XP level 12. HP: 54/54 MP: 11/33
 14047 | D:12     | Noticed a boulder beetle
 14053 | D:12     | Mangled by a boulder beetle

Illustrated notes

Levels and vault maps discovered:
D:1:      minmay_arrival_pointy, layout_basic
D:2:      layout_basic
D:3:      minmay_diamond_boxcup, layout_loops_corners,
          chequers_temple_overflow_statue_of_worship, uniq_natasha, uniq_ijyb
D:4:      layout_basic, mainiacjoe_overflow_surrounded_room,
          minmay_temple_entry_antechambers
D:5:      layout_loops_ring, nicolae_overflow_hidden_temple,
          kennysheep_generic_room_16
D:6:      cheibrodos_steamvent, layout_loops_ring, elyvilon_altar_4,
          chei_slow_surprise, serial_shops, shop, dreamdust_gnoll_farm
D:7:      kennysheep_spiral_hall, layout_loops_ring, trog_wizard,
          mainiacjoe_overflow_swirl, enter_bailey_6, reono_crystal_passage
D:8:      layout_basic, zin_academy, lemuel_crystal_altar
D:9:      kennysheep_housing_project, layout_cave_pools,
          nicolae_looking_at_the_future, uniq_erica, uniq_grum, uniq_erolcha,
          uniq_joseph
D:10:     layout_gridville, minivault_24, st_stairs_9
D:11:     layout_basic, minmay_lair_entry_grove, serial_bayou,
          serial_bayou_lagoon_a, serial_bayou_shore_a, serial_bayou_pond_b,
          serial_bayou_ford_a, nicolae_figureground_sparkle, uniq_lodul
D:12:     layout_big_octagon, david_orc_3, trog_hazing_becter
Temple:   minmay_temple_curvy_loop

Skill      XL: |  1  2  3  4  5  6  7  8  9 10 11 |
---------------+----------------------------------+-----
Conjurations   | 3 4 5 6 7 |  7.5
Spellcasting   | 3 4 5 6 7 9 12 14 16 | 16.7
Short Blades   | 1 2 |  2.3
Dodging        | 3 4 5 6 7 |  7.8
Stealth        | 4 5 6 |  6.8
Fighting       | 1 |  1.7
Staves         | 1 |  1.3
Earth Magic    | 2 3 4 |  4.0
Hexes          | 1 3 4 |  4.9
Translocations | 2 3 |  3.4

Action                   |  1- 3 |  4- 6 |  7- 9 | 10-12 || total
-------------------------+-------+-------+-------+-------++-------
Melee: Short sword       |    58 |    14 |       |       ||    72
       Unarmed           |     1 |       |       |       ||     1
       Staff             |       |    11 |    32 |    18 ||    61
 Cast: Magic Dart        |    56 |    23 |    41 |    44 ||   164
       Searing Ray       |     6 |    20 |    48 |     2 ||    76
       Stone Arrow       |       |       |    32 |    63 ||    95
       Fulminant Prism   |       |       |    17 |    88 ||   105
       Iskenderun's Myst |       |       |       |    28 ||    28
       Flame Wave        |       |       |       |     3 ||     3
  Use: Scroll            |       |     9 |     5 |       ||    14
       Potion            |       |       |     3 |     2 ||     5
 Stab: Sleeping          |     1 |     1 |       |       ||     2
       Distracted        |     1 |       |       |       ||     1
Armor: Robe              |     3 |     4 |     5 |       ||    12
       Skin              |     6 |       |       |       ||     6
       Steam dragon scal |       |       |     5 |    14 ||    19
Dodge: Dodged            |    84 |    30 |   109 |    72 ||   295
